PIO (24 & UNDER)
CHULA VISTA TACOS @ SURREY SINNERS
04/13/2027
 
TOP OF THE 1ST
Chula Vista Tacos batting - Pitching for Surrey Sinners : LHP Sebastián Cervantes
Pitching: LHP Sebastián Cervantes
Batting: LHB Joe Baker 0-0: Foul Ball, location: 2F
0-1: Foul Ball, location: 2F
0-2: Strikes out looking
Batting: LHB Gonzalo Benítez 0-0: Ball
1-0: Ball
2-0: SINGLE (Flyball, 8LS)
Batting: LHB Michael Myers 0-0: Ball
Gonzalo Benítez steals 2nd base
1-0: Ball
2-0: Ball
3-0: Base on Balls
Batting: RHB Javier González 0-0: Ball
Gonzalo Benítez steals 3rd base
Michael Myers to second
1-0: Foul Ball, location: 2F
1-1: Ball
2-1: Foul Ball, location: 2F
2-2: DOUBLE (Flyball, 78XD)
Gonzalo Benítez scores
Michael Myers scores
Batting: LHB Jaime Icaza 0-0: Foul Ball, location: 2F
0-1: Called Strike
0-2: Ball
1-2: Strikes out swinging
Batting: LHB Steven Smith 0-0: Ball
1-0: Fly out, F7 (Flyball, 7D)
Top of the 1st over - 2 run(s), 2 hit(s), 0 error(s), 1 left on base; Chula Vista 2 - Surrey 0
BOTTOM OF THE 1ST
Surrey Sinners batting - Pitching for Chula Vista Tacos : LHP Sloan Sanders
Pitching: LHP Sloan Sanders
Batting: LHB Juan Hinojosa 0-0: Ball
1-0: Foul Ball, location: 2F
1-1: Ball
2-1: Ball
3-1: Base on Balls
Batting: RHB Daniel Santiago 0-0: Called Strike
0-1: Reached on error, E6 (Groundball, 6)
Juan Hinojosa to second
Batting: RHB Ramón Molina 0-0: Ball
Juan Hinojosa steals 3rd base
Daniel Santiago to second
1-0: Foul Ball, location: 2F
1-1: Ground out U3 (Groundball, 3)
Batting: RHB Clint Younger 0-0: Ball
1-0: Called Strike
1-1: Called Strike
1-2: Foul Ball, location: 2F
1-2: Fly out, F9 (Flyball, 9S)
Batting: LHB Randy Wiggins 0-0: Ball
1-0: Ball
2-0: Foul Ball, location: 2F
2-1: Swinging Strike
2-2: Ball
3-2: Fly out, F4 (Line Drive, 4)
Bottom of the 1st over - 0 run(s), 0 hit(s), 1 error(s), 2 left on base; Chula Vista 2 - Surrey 0
TOP OF THE 2ND
Chula Vista Tacos batting - Pitching for Surrey Sinners : LHP Sebastián Cervantes
Batting: SHB Walt Rodgers 0-0: Called Strike
0-1: Ball
1-1: Ball
2-1: Foul Ball, location: 2F
2-2: Foul Ball, location: 2F
2-2: SINGLE (Groundball, 4MD)
Batting: SHB Michael Aisher 0-0: Called Strike
0-1: Called Strike
0-2: Ball
1-2: Ball
2-2: Fielders Choice at 2nd, 1-4 (Groundball, 15S)
Batting: RHB Dave King 0-0: Foul Ball, location: 2F
0-1: Foul Ball, location: 2F
0-2: Ball
1-2: Foul Ball, location: 2F
1-2: Foul Ball, location: 2F
1-2: Ground out 4-3 (Groundball, 34)
Michael Aisher to second
Batting: LHB Joe Baker 0-0: Ball
1-0: Swinging Strike
1-1: Foul Ball, location: 2F
1-2: Ball
2-2: Foul Ball, location: 2F
2-2: Ball
3-2: SINGLE (Flyball, 8LS)
Michael Aisher to third
Michael Aisher scores
Batting: LHB Gonzalo Benítez 0-0: Ball
1-0: Called Strike
1-1: Swinging Strike
1-2: Ball
2-2: Ball
3-2: Strikes out swinging
Top of the 2nd over - 1 run(s), 2 hit(s), 0 error(s), 1 left on base; Chula Vista 3 - Surrey 0
BOTTOM OF THE 2ND
Surrey Sinners batting - Pitching for Chula Vista Tacos : LHP Sloan Sanders
Batting: RHB Eugene Booth 0-0: Ball
1-0: Swinging Strike
1-1: Fly out, F4 (Line Drive, 4)
Batting: LHB José Blanco 0-0: Ball
1-0: Ball
2-0: Swinging Strike
2-1: Ground out 3-1 (Groundball, 34)
Batting: LHB Iván Espinosa 0-0: Ground out 4-3 (Groundball, 4S)
Bottom of the 2nd over - 0 run(s), 0 hit(s), 0 error(s), 0 left on base; Chula Vista 3 - Surrey 0
TOP OF THE 3RD
Chula Vista Tacos batting - Pitching for Surrey Sinners : LHP Sebastián Cervantes
Batting: LHB Michael Myers 0-0: Called Strike
0-1: Ball
1-1: Ball
2-1: Swinging Strike
2-2: Ball
3-2: Ground out U3 (Groundball, 3)
Batting: RHB Javier González 0-0: SINGLE (Line Drive, 34D)
Batting: LHB Jaime Icaza 0-0: Ball
1-0: Fly out, F4 (Line Drive, 4)
Batting: LHB Steven Smith 0-0: Called Strike
Javier González is caught stealing 2nd base
Top of the 3rd over - 0 run(s), 1 hit(s), 0 error(s), 0 left on base; Chula Vista 3 - Surrey 0
BOTTOM OF THE 3RD
Surrey Sinners batting - Pitching for Chula Vista Tacos : LHP Sloan Sanders
Batting: RHB Robert Koremans 0-0: Called Strike
0-1: Foul Ball, location: 2F
0-2: Strikes out swinging
Batting: LHB Juan Hinojosa 0-0: Foul Ball, location: 2F
0-1: Foul Ball, location: 2F
0-2: Ball
1-2: Fly out, F7 (Flyball, 78M)
Batting: RHB Daniel Santiago 0-0: Swinging Strike
0-1: SINGLE (Flyball, 89S)
Batting: RHB Ramón Molina 0-0: Ball
1-0: Ball
2-0: Called Strike
2-1: Swinging Strike
2-2: SINGLE (Groundball, 4MD)
Daniel Santiago to second
Runner from 2nd tries for 3rd, OUT!
Bottom of the 3rd over - 0 run(s), 2 hit(s), 0 error(s), 1 left on base; Chula Vista 3 - Surrey 0
TOP OF THE 4TH
Chula Vista Tacos batting - Pitching for Surrey Sinners : LHP Sebastián Cervantes
Batting: LHB Steven Smith 0-0: Called Strike
0-1: Foul Ball, location: 2F
0-2: Ball
1-2: Ball
2-2: Strikes out swinging
Batting: SHB Walt Rodgers 0-0: Ball
1-0: Foul Ball, location: 2F
1-1: Called Strike
1-2: Fly out, F8 (Flyball, 8LM)
Batting: SHB Michael Aisher 0-0: Called Strike
0-1: Swinging Strike
0-2: Strikes out swinging
Top of the 4th over - 0 run(s), 0 hit(s), 0 error(s), 0 left on base; Chula Vista 3 - Surrey 0
BOTTOM OF THE 4TH
Surrey Sinners batting - Pitching for Chula Vista Tacos : LHP Sloan Sanders
Batting: RHB Clint Younger 0-0: DOUBLE (Line Drive, 78D)
Batting: LHB Randy Wiggins 0-0: Ball
1-0: Fly out, F8 (Line Drive, 8LM)
Batting: RHB Eugene Booth 0-0: Swinging Strike
0-1: Swinging Strike
0-2: Ball
1-2: Foul Ball, location: 2F
1-2: Foul Ball, location: 2F
1-2: Ball
2-2: Foul Ball, location: 2F
2-2: Strikes out looking
Batting: LHB José Blanco 0-0: SINGLE (Groundball, 56S) (infield hit)
Clint Younger to third
Batting: LHB Iván Espinosa 0-0: Ball
1-0: Ball
2-0: Ground out 4-3 (Groundball, 34)
Bottom of the 4th over - 0 run(s), 2 hit(s), 0 error(s), 2 left on base; Chula Vista 3 - Surrey 0
TOP OF THE 5TH
Chula Vista Tacos batting - Pitching for Surrey Sinners : LHP Sebastián Cervantes
Batting: RHB Dave King 0-0: Ball
1-0: Swinging Strike
1-1: Foul Ball, location: 2F
1-2: Fly out, F2 (Popup, P)
Batting: LHB Joe Baker 0-0: Ball
1-0: Ball
2-0: Called Strike
2-1: Called Strike
2-2: Ball
3-2: Base on Balls
Batting: LHB Gonzalo Benítez 0-0: Ball
1-0: Ball
2-0: Ball
3-0: Swinging Strike
Passed Ball!
Joe Baker to second
3-1: Base on Balls
Pitching: RHP Robinson Flores
Batting: LHB Michael Myers 0-0: Ball
1-0: Called Strike
1-1: Ball
Wild Pitch!
Joe Baker to third
Gonzalo Benítez to second
2-1: Ball
3-1: Called Strike
3-2: Base on Balls
Batting: RHB Javier González 0-0: Foul Ball, location: 2F
0-1: SINGLE (Line Drive, 6MD)
Joe Baker scores
Gonzalo Benítez to third
Michael Myers to second
Runner from 3rd tries for Home, SAFE, no throw
Batting: LHB Jaime Icaza 0-0: Ball
1-0: Called Strike
Michael Myers steals 3rd base
Javier González to second
1-1: Ground out 4-3 (Groundball, 4)
Michael Myers scores
Javier González to third
Batting: LHB Steven Smith 0-0: Called Strike
0-1: Ball
1-1: Foul Ball, location: 2F
1-2: Foul Ball, location: 2F
1-2: Ball
2-2: Foul Ball, location: 2F
2-2: Strikes out swinging
Top of the 5th over - 3 run(s), 1 hit(s), 0 error(s), 1 left on base; Chula Vista 6 - Surrey 0
BOTTOM OF THE 5TH
Surrey Sinners batting - Pitching for Chula Vista Tacos : LHP Sloan Sanders
Batting: RHB Robert Koremans 0-0: Called Strike
0-1: Called Strike
0-2: Foul Ball, location: 2F
0-2: Strikes out looking
Batting: LHB Juan Hinojosa 0-0: Swinging Strike
0-1: Foul Ball, location: 2F
0-2: Ball
1-2: Ball
2-2: Strikes out swinging
Batting: RHB Daniel Santiago 0-0: Fly out, F9 (Flyball, 9S)
Bottom of the 5th over - 0 run(s), 0 hit(s), 0 error(s), 0 left on base; Chula Vista 6 - Surrey 0
TOP OF THE 6TH
Chula Vista Tacos batting - Pitching for Surrey Sinners : RHP Robinson Flores
Batting: SHB Walt Rodgers 0-0: Called Strike
0-1: Ball
1-1: Ball
2-1: Ball
3-1: Base on Balls
Batting: SHB Michael Aisher 0-0: Called Strike
0-1: Ball
1-1: Swinging Strike
1-2: SINGLE (Groundball, 2L) (infield hit)
Walt Rodgers to second
Batting: RHB Dave King 0-0: DOUBLE (Flyball, 78XD)
Walt Rodgers scores
Michael Aisher to third
Runner from 3rd tries for Home, SAFE, no throw
Pitching: LHP Jason Reece
Batting: LHB Joe Baker 0-0: Ball
1-0: Foul Ball, location: 2F
1-1: Called Strike
1-2: Strikes out swinging
Batting: LHB Gonzalo Benítez 0-0: DOUBLE (Line Drive, 7LM)
Dave King scores
Batting: LHB Michael Myers 0-0: Ball
1-0: Ball
2-0: Ball
3-0: Base on Balls
Batting: RHB Javier González 0-0: Ball
1-0: Called Strike
1-1: Ball
Gonzalo Benítez steals 3rd base
Michael Myers to second
2-1: Called Strike
2-2: SINGLE (Groundball, 3D)
Gonzalo Benítez scores
Michael Myers to third
Runner from 3rd tries for Home, SAFE, no throw
Batting: LHB Jaime Icaza 0-0: Ball
1-0: Called Strike
1-1: Foul Ball, location: 2F
1-2: Ball
2-2: Foul Ball, location: 2F
2-2: Ground out U3 (Groundball, 34S)
Javier González to second
Batting: LHB Steven Smith 0-0: Fly out, F8 (Flyball, 8LS)
Top of the 6th over - 5 run(s), 4 hit(s), 0 error(s), 1 left on base; Chula Vista 11 - Surrey 0
BOTTOM OF THE 6TH
Surrey Sinners batting - Pitching for Chula Vista Tacos : LHP Sloan Sanders
Batting: RHB Ramón Molina 0-0: Swinging Strike
0-1: Ball
1-1: Ball
2-1: Ball
3-1: Foul Ball, location: 2F
3-2: Base on Balls
Pinch Hitting: LHB Tony Smith 0-0: Ball
1-0: Ball
2-0: Foul Ball, location: 2F
2-1: Foul Ball, location: 2F
2-2: Fielders Choice at 2nd, 6-4 (Groundball, 6)
Batting: LHB Randy Wiggins 0-0: Fielders Choice at 2nd, 4-6 (Groundball, 4)
Pinch Hitting: RHB Félix Castro 0-0: Called Strike
0-1: DOUBLE (Flyball, 7D)
Randy Wiggins to third
Runner from 3rd tries for Home, SAFE, no throw
Batting: LHB José Blanco 0-0: Ball
1-0: Ball
2-0: Ball
3-0: Foul Ball, location: 2F
3-1: Base on Balls
Pitching: LHP Brock Saunders
Batting: LHB Iván Espinosa 0-0: Ball
1-0: Foul Ball, location: 2F
1-1: Ball
2-1: Called Strike
2-2: Strikes out looking
Bottom of the 6th over - 1 run(s), 1 hit(s), 0 error(s), 2 left on base; Chula Vista 11 - Surrey 1
TOP OF THE 7TH
Chula Vista Tacos batting - Pitching for Surrey Sinners : LHP Jason Reece
Now at 3B: Félix Castro
Now at SS: Dennis House
Batting: SHB Walt Rodgers 0-0: Foul Ball, location: 2F
0-1: Ball
1-1: Foul Ball, location: 2F
1-2: Ball
2-2: Strikes out looking
Batting: SHB Michael Aisher 0-0: Called Strike
0-1: Swinging Strike
0-2: Ball
1-2: Strikes out looking
Batting: RHB Dave King 0-0: Swinging Strike
0-1: Ball
1-1: Ground out 5-3 (Groundball, 56S)
Top of the 7th over - 0 run(s), 0 hit(s), 0 error(s), 0 left on base; Chula Vista 11 - Surrey 1
BOTTOM OF THE 7TH
Surrey Sinners batting - Pitching for Chula Vista Tacos : LHP Brock Saunders
Batting: RHB Robert Koremans 0-0: Called Strike
0-1: Foul Ball, location: 2F
0-2: Ball
1-2: Strikes out looking
Batting: LHB Juan Hinojosa 0-0: Ball
1-0: Called Strike
1-1: Ball
2-1: Foul Ball, location: 2F
2-2: Strikes out swinging
Batting: RHB Daniel Santiago 0-0: SINGLE (Groundball, 34D)
Batting: RHB Ramón Molina 0-0: Called Strike
0-1: Called Strike
0-2: Fly out, F2 (Popup, 34S)
Bottom of the 7th over - 0 run(s), 1 hit(s), 0 error(s), 1 left on base; Chula Vista 11 - Surrey 1
TOP OF THE 8TH
Chula Vista Tacos batting - Pitching for Surrey Sinners : LHP Jason Reece
Batting: LHB Joe Baker 0-0: Foul Ball, location: 2F
0-1: Foul Ball, location: 2F
0-2: Ball
1-2: Ground out 3-1 (Groundball, 34S)
Pinch Hitting: RHB Juan Morales 0-0: Called Strike
0-1: Foul Ball, location: 2F
0-2: Ball
1-2: Strikes out swinging
Batting: LHB Michael Myers 0-0: Ball
1-0: Foul Ball, location: 2F
1-1: Called Strike
1-2: Ball
2-2: Fly out, F9 (Flyball, 9)
Top of the 8th over - 0 run(s), 0 hit(s), 0 error(s), 0 left on base; Chula Vista 11 - Surrey 1
BOTTOM OF THE 8TH
Surrey Sinners batting - Pitching for Chula Vista Tacos : LHP Brock Saunders
Now in CF: Juan Morales
Batting: RHB Dennis House 0-0: Ball
1-0: Called Strike
1-1: Ball
2-1: Fly out, F7 (Line Drive, 78M)
Batting: LHB Randy Wiggins 0-0: Swinging Strike
0-1: SINGLE (Flyball, 9S)
Batting: RHB Félix Castro 0-0: Called Strike
0-1: SINGLE (Groundball, 56D)
Randy Wiggins to second
Pinch Hitting: RHB Roberto Ybarra 0-0: Ball
1-0: Fly out, F7 (Flyball, 78XD)
Runner from 2nd tags up, SAFE at 3rd, no throw
Batting: LHB Iván Espinosa 0-0: Swinging Strike
0-1: Foul Ball, location: 2F
0-2: Ball
1-2: SINGLE (Groundball, 34D)
Randy Wiggins scores
Félix Castro to second
Runner from 2nd tries for 3rd, SAFE, throw made to third
Batting: RHB Robert Koremans 0-0: Hit by Pitch
Iván Espinosa to second
Batting: LHB Juan Hinojosa 0-0: Ball
1-0: Called Strike
1-1: Foul Ball, location: 2F
1-2: Foul Ball, location: 2F
1-2: Ball
2-2: Strikes out swinging
Bottom of the 8th over - 1 run(s), 3 hit(s), 0 error(s), 3 left on base; Chula Vista 11 - Surrey 2
TOP OF THE 9TH
Chula Vista Tacos batting - Pitching for Surrey Sinners : LHP Jason Reece
Now at 2B: Robert Atkins
Batting: RHB Javier González 0-0: Ball
1-0: Ground out 5-3 (Groundball, 56)
Pinch Hitting: LHB John White 0-0: Ball
1-0: Ball
2-0: Called Strike
2-1: Called Strike
2-2: Ball
3-2: Base on Balls
Batting: LHB Steven Smith 0-0: Ball
1-0: Called Strike
1-1: Ball
2-1: Ball
3-1: Called Strike
3-2: Strikes out swinging
Batting: SHB Walt Rodgers 0-0: Called Strike
0-1: Called Strike
0-2: Ball
1-2: Ball
2-2: Strikes out swinging
Top of the 9th over - 0 run(s), 0 hit(s), 0 error(s), 1 left on base; Chula Vista 11 - Surrey 2
BOTTOM OF THE 9TH
Surrey Sinners batting - Pitching for Chula Vista Tacos : LHP Brock Saunders
Now at 2B: Brandon Owen
Now in RF: Guillermo Deleón
Batting: RHB Daniel Santiago 0-0: Ground out U3 (Groundball, 34)
Batting: RHB Ramón Molina 0-0: Ground out 5-3 (Groundball, 56S)
Batting: RHB Dennis House 0-0: Swinging Strike
0-1: Ground out 4-3 (Groundball, 4S)
Bottom of the 9th over - 0 run(s), 0 hit(s), 0 error(s), 0 left on base; Chula Vista 11 - Surrey 2
Thursday, March 30th, 2017 - OOTP Baseball 17.12 Build 75